 Dungeon Crawl Stone Soup version 0.28.0 (webtiles) character file.

Game seed: 17388868237981781534

254 Kikato the Conjurer (level 5, -3/38 HPs)
             Began as a Demigod Conjurer on Feb 8, 2022.
             Slain by a sky beast (6 damage)
             ... on level 3 of the Dungeon.
             The game lasted 00:16:29 (2908 turns).

Kikato the Conjurer (Demigod Conjurer)              Turns: 2908, Time: 00:16:29

Health: -3/38      AC:  3    Str:  8    XL:     5   Next: 59%
Magic:  2/12       EV: 12    Int: 24    God:
Gold:   168        SH:  0    Dex: 12    Spells: 7/10 levels left

rFire   . . .      SeeInvis .   l - +0 dagger (freeze)
rCold   . . .      Faith    .   (no shield)
rNeg    . . .      Spirit   .   a - +0 robe
rPois   .          Reflect  .   m - +0 helmet
rElec   .          Harm     .   (no cloak)
rCorr   .          Rampage  .   (no gloves)
Will    .....                   (no boots)
Stlth   ++........              (no amulet)
HPRegen 0.12/turn               (no ring)
MPRegen 0.13/turn               (no ring)

@: very slightly contaminated
A: high MP 1, forlorn, divine attributes
a: no special abilities


You were on level 3 of the Dungeon.
You visited 1 branch of the dungeon, and saw 3 of its levels.

You collected 168 gold pieces.

Inventory:

Hand Weapons
 e - a +0 dagger of speed
 g - a +0 short sword
 h - a +0 spear
 l - a +0 dagger of freezing (weapon)
 n - a +0 hunting sling
 r - a +3 quarterstaff of chaos
Missiles
 b - 38 arrows
 f - 17 bolts
Armour
 a - a +0 robe (worn)
 m - a +0 helmet (worn)
Scrolls
 d - a scroll of teleportation
Potions
 c - a potion of mutation {unknown}
 i - 4 potions of curing
 k - a potion of degeneration {unknown}
 q - a potion of brilliance {unknown}


   Skills:
 + Level 0.1 Fighting
 + Level 0.6 Short Blades
 + Level 2.3 Dodging
 + Level 2.8 Stealth
 + Level 3.0 Spellcasting
 + Level 5.2 Conjurations


You had 7 spell levels left.
You knew the following spells:

 Your Spells              Type           Power      Damage    Failure   Level
a - Magic Dart            Conj           100%       1d8       1%          1
b - Searing Ray           Conj           56%        2d6       1%          2

Your spell library contained the following spells:

 Spells                   Type           Power      Damage    Failure   Level
 Dazzling Flash           Conj/Hex       32%        N/A       11%         3
 Fulminant Prism          Conj/Hex       8%         3d7       36%         4
 Iskenderun's Mystic Bla  Conj/Tloc      16%        2d5       36%         4


Dungeon Overview and Level Annotations

Branches:
Dungeon (3/15)


Innate Abilities, Weirdness & Mutations

You have an increased reservoir of magic. (+10% MP)
You shall have no god before yourself.
Your divine heritage dramatically boosts your attributes as you level up.


Message History

The sky beast barely misses you. The sky beast hits you.
The sky beast shocks you.
Aiming: Magic Dart (safe; 1% risk of failure)
Press: ? - help, Q - select action, (/) - cycle Shift-Dir - straight line, f/p - sky beast
Aim: a sky beast (severely wounded, 100% to hit)
The magic dart hits the sky beast but does no damage.
The sky beast is severely wounded.
The sky beast closely misses you.
Aiming: Magic Dart (safe; 1% risk of failure)
Press: ? - help, Q - select action, (/) - cycle Shift-Dir - straight line, f/p - sky beast
Aim: a sky beast (severely wounded, 100% to hit)
You miscast Magic Dart.
You are very lightly contaminated with residual magic.
Nothing appears to happen.
The sky beast hits you. The sky beast shocks you.
Aiming: Magic Dart (safe; 1% risk of failure)
Press: ? - help, Q - select action, (/) - cycle Shift-Dir - straight line, f/p - sky beast
Aim: a sky beast (severely wounded, 100% to hit)
The magic dart hits the sky beast.
The sky beast is severely wounded.
The sky beast hits you. The sky beast shocks you.
You feel better. The sky beast hits you. The sky beast shocks you.
Casting: Magic Dart (safe; 1% risk of failure)
Confirm with . or Enter, or press ? or * to list all spells.
Aiming: Searing Ray (safe; 1% risk of failure)
Press: ? - help, Shift-Dir - straight line, f/p - sky beast
Aim: a sky beast (severely wounded, 71% to hit)
The searing ray hits the sky beast.
The sky beast is almost dead. (Press . to maintain the ray.)
The sky beast flickers out of sight!
Deactivating autopickup; reactivate with Ctrl-A.
Something hits you.
* * * LOW HITPOINT WARNING * * *
Something shocks you.
* * * LOW HITPOINT WARNING * * *
You hit something. You freeze something. Something hits you.
* * * LOW HITPOINT WARNING * * *
Something shocks you.
You die...

*,,,,,,,,,,,,#<.#...# #.#
*,,...,..,.#...####.####.)
*###..*#.#.#..###*#....#..
##....*#.........#####....
*#.....##.≈.............#.#
*.....>†..........#####....
*....!..##..>...........#.#
*.........{.......##..###.#
*.........@......†##.## #..
*........#...........## ###
*.....................# #.
**....♣♣.P♣............# #.
*,...,♣≈≈≈♣##.###..##..####.
*,##,*♣♣≈≈♣ #.#...###.......
*,**** ♣≈≈♣ ♣.#.### #.......
*,*****♣.≈♣ ♣♣♣.* ##..#..#
*,**≈≈*≈≈≈***≈.,* #.....#


There were no monsters in sight!

Vanquished Creatures
  Sigmund (D:3)
  Crazy Yiuf (D:2)
  2 adders (D:2)
  2 worms
  A dart slug (D:1)
  3 ball pythons
  4 endoplasms
  A giant cockroach (D:2)
  3 goblins (D:1)
  A hobgoblin (D:3)
  6 jackals
  A quokka (D:3)
  A bat (D:1)
  4 frilled lizards
  5 kobolds
  5 rats
41 creatures vanquished.

Vanquished Creatures (others)
  A demonic plant (D:2)
  7 plants
8 creatures vanquished.

Grand Total: 49 creatures vanquished

Notes
Turn   | Place    | Note
-------+----------+-------------------------------------------
     0 | D:1      | Kikato the Demigod Conjurer began the quest for the Orb.
     0 | D:1      | Reached XP level 1. HP: 14/14 MP: 5/5
   456 | D:1      | Reached skill level 4 in Conjurations
   579 | D:1      | Reached XP level 2. HP: 20/20 MP: 1/7
   582 | D:1      | Learned a level 2 spell: Searing Ray
  1230 | D:2      | Reached XP level 3. HP: 18/26 MP: 0/8
  1877 | D:2      | Found a runed translucent door.
  1878 | D:2      | Noticed Crazy Yiuf
  1887 | D:2      | Killed Crazy Yiuf
  2176 | D:3      | Noticed Sigmund
  2197 | D:3      | Killed Sigmund
  2198 | D:3      | Reached skill level 5 in Conjurations
  2198 | D:3      | Reached XP level 4. HP: 14/33 MP: 0/11
  2198 | D:3      | Reached XP level 5. HP: 16/38 MP: 0/12
  2850 | D:3      | Noticed a sky beast
  2908 | D:3      | Slain by a sky beast

Illustrated notes

Levels and vault maps discovered:
D:1:      minmay_arrival_cross, layout_loops_ring,
          corexii_item_surrounded_by_moat
D:2:      layout_rooms, shapermc_ecumenical_altar_gd, uniq_crazy_yiuf_cottage
D:3:      layout_rooms, mainiacjoe_overflow_tiny_flanked, minmay_crystal_room,
          serial_bayou_crossing, uniq_sigmund

Skill      XL: |  1  2  3 |
---------------+----------+-----
Conjurations   | 4 5 |  5.2
Stealth        | 2 |  2.8
Spellcasting   | 2 3 |  3.0
Dodging        | 2 |  2.3
Fighting       | |  0.1
Short Blades   | |  0.6

Action                   |  1- 3 |  4- 6 || total
-------------------------+-------+-------++-------
Melee: Dagger            |    16 |     1 ||    17
 Cast: Magic Dart        |    73 |    26 ||    99
       Searing Ray       |     1 |     2 ||     3
  Use: Scroll            |     5 |     1 ||     6
       Potion            |       |     1 ||     1
Armor: Robe              |     4 |     1 ||     5
Dodge: Dodged            |    17 |     7 ||    24
